 Dungeon Crawl Stone Soup version 0.24-a0-584-g9d6b971 (webtiles) character file.

Game seed: 5296752877362283366, levelgen mode: deterministic

413 Dorkslayer the Sneak (level 6, 0/43 HPs)
             Began as an Octopode Fighter on Aug 31, 2019.
             Slain by a sky beast (1 damage)
             ... on level 4 of the Dungeon.
             The game lasted 00:16:13 (3203 turns).

Dorkslayer the Sneak (Octopode Fighter)             Turns: 3203, Time: 00:16:13

Health: 0/43       AC:  1    Str: 17    XL:     6   Next: 91%
Magic:  9/9        EV: 12    Int: 11    God:
Gold:   177        SH: 11    Dex: 11    Spells: 8/9 levels left

rFire    + . .     SeeInvis .   a - +0 long sword
rCold    . . .     Gourm    .   b - +2 shield
rNeg     . . .     Faith    .   (helmet restricted)
rPois    .         Spirit   .   (no amulet)
rElec    .         Reflect  .   h - ring of protection from fire
rCorr    .         Harm     .   (no ring)
MR       .....                  (no ring)
Stlth    ++++......             (no ring)
HPRegen  0.14/turn              (no ring)
MPRegen  0.11/turn              (no ring)
                                (no ring)
                                (no ring)

@: no status effects
A: almost no armour, stealthy swim, amphibious, 8 rings, constrict 8, camouflage
1, gelatinous body 1
a: no special abilities


You were on level 4 of the Dungeon.
You were not hungry.

You visited 1 branch of the dungeon, and saw 5 of its levels.

You collected 177 gold pieces.

Inventory:

Hand Weapons
 a - a +0 long sword (weapon)
 f - a +0 dagger
Missiles
 i - a boomerang (quivered)
Armour
 b - a +2 shield (worn)
Jewellery
 h - a ring of protection from fire (left tentacle)
Scrolls
 c - a scroll of enchant weapon {unknown}
 m - a scroll of teleportation
 o - 2 scrolls of remove curse
 p - a scroll of fog {unknown}
 r - a scroll of fear {unknown}
Potions
 e - a potion of curing
 l - a potion of brilliance {unknown}
 n - a potion of magic {unknown}
 q - 2 potions of agility
Comestibles
 d - 8 rations
 g - 3 chunks of flesh


   Skills:
 * Level 3.9 Fighting
 + Level 3.7 Long Blades
 + Level 0.3 Throwing
 + Level 3.3 Dodging
 * Level 5.1 Stealth
 + Level 3.5 Shields
 * Level 2.1 Spellcasting
   Level 1.0 Evocations


You had 8 spell levels left.
You knew the following spells:

 Your Spells              Type           Power        Failure   Level  Hunger
a - Confusing Touch       Hex            #.....       77%         1    ##.....

Your spell library contained the following spells:

 Spells                   Type           Power        Failure   Level  Hunger
 Confuse                  Hex            #.......     98%         3    ####...
 Gell's Gravitas          Tloc           #.........   98%         3    ####...
 Petrify                  Tmut/Erth      #.......     100%        4    #####..
 Metabolic Englaciation   Hex/Ice        #.........   100%        5    ######.
 Yara's Violent Unravell  Hex/Tmut       #.........   100%        5    ######.


Dungeon Overview and Level Annotations

Branches:
Dungeon (5/15)
 Temple: D:4-7

Altars:
Gozag
Nemelex Xobeh
Trog
Vehumet
Yredelemnul

Shops:
D:3 *


Innate Abilities, Weirdness & Mutations

You cannot wear most types of armour.
You are very stealthy in the water. (Stealth+)
You are amphibious.
You can wear up to eight rings at the same time.
You can use your tentacles to constrict eight enemies at once.
Your skin changes colour to match your surroundings (Stealth+).
Your rubbery body absorbs attacks. (AC +1, EV +1)


Message History

Deactivating autopickup; reactivate with Ctrl-A.
A sky beast appears from thin air!
Reactivating autopickup.
You hit the sky beast. Your squeeze misses the sky beast.
The sky beast is heavily wounded.
The sky beast hits you.
* * * LOW HITPOINT WARNING * * *
The sky beast shocks you.
* * * LOW HITPOINT WARNING * * *
You barely miss the sky beast. Your squeeze misses the sky beast.
The sky beast is heavily wounded.
The sky beast flickers out of sight!
Deactivating autopickup; reactivate with Ctrl-A.
Something hits you.
* * * LOW HITPOINT WARNING * * *
Something shocks you.
* * * LOW HITPOINT WARNING * * *
Unknown command.
Something hits you.
You die...

#............# #)
########.....# #.
###.....###.
#.......#...
#ยง#......>..
#######.#.##.##.##
#)......#.##.##...
#.#######.##.....#
#@# #....#.###..
#.# #.#..#####..
#.#####.#.........
#.#.....#.######..
#.#.#####.........
#.#.###########...
#.#.##............
#.#.##..#.###.....
#.#.##..#...#.....


There were no monsters in sight!

Vanquished Creatures
  An ogre (D:4)
  A scorpion (D:4)
  A bullfrog skeleton (D:4)
  A centaur skeleton (D:4)
  Terence (D:3)
  A worker ant (D:4)
  4 gnolls (D:3)
  3 adders
  2 worms
  11 dart slugs
  3 leopard geckos
  7 orcs (D:3)
  6 bats
  4 giant cockroaches
  7 goblins
  4 hobgoblins
  9 jackals
  9 kobolds
  A quokka (D:3)
  2 ball pythons
  2 frilled lizards
  6 rats
86 creatures vanquished.

Vanquished Creatures (others)
  A giant cockroach (D:2)
1 creature vanquished.

Grand Total: 87 creatures vanquished

Notes
Turn   | Place    | Note
-------+----------+-------------------------------------------
     0 | D:1      | Dorkslayer the Octopode Fighter began the quest for the
                  | Orb.
     0 | D:1      | Reached XP level 1. HP: 16/16 MP: 1/1
   316 | D:1      | Reached XP level 2. HP: 14/21 MP: 2/2
   790 | D:1      | Reached skill level 1 in Stealth
  1026 | D:2      | Reached XP level 3. HP: 20/26 MP: 3/3
  1083 | D:2      | Found a faded altar of an unknown god.
  1206 | D:2      | Reached skill level 2 in Stealth
  1263 | D:2      | Found a radiant altar of Vehumet.
  1336 | D:2      | Found a sparkling altar of Nemelex Xobeh.
  1357 | D:2      | Reached XP level 4. HP: 29/31 MP: 5/5
  1389 | D:2      | Reached skill level 1 in Spellcasting
  1500 | D:3      | Reached skill level 3 in Stealth
  1568 | D:3      | Reached skill level 1 in Evocations
  1568 | D:3      | Reached XP level 5. HP: 29/36 MP: 6/6
  1607 | D:3      | Found Gozag's Platinum Reserve.
  1648 | D:3      | Found an opulent altar of Gozag.
  2063 | D:3      | Found a bloodstained altar of Trog.
  2201 | D:3      | Noticed Terence
  2211 | D:3      | Killed Terence
  2223 | D:3      | You fall into a shaft and drop 1 floor!
  2261 | D:4      | Learned a level 1 spell: Confusing Touch
  2262 | D:4      | Found a basalt altar of Yredelemnul.
  2272 | D:4      | Reached skill level 4 in Stealth
  2272 | D:4      | Reached XP level 6. HP: 29/43 MP: 8/8
  2894 | D:4      | Reached skill level 5 in Stealth
  3165 | D:5      | Entered Level 5 of the Dungeon
  3165 | D:5      | Noticed a sky beast
  3202 | D:4      | HP: 1/43 [something (5)]
  3203 | D:4      | Slain by a sky beast

Levels and vault maps discovered:
D:1:      dpeg_arrival_long_road, layout_loops_corners
D:2:      layout_basic, fiery_altar_vehumet, old_standard_altar,
          chequers_ecumenical_altar_island
D:3:      kennysheep_slugbush, layout_rooms, nicolae_gozag_zags_fifth_avenue,
          lemuel_round_altar, chequers_jeans, uniq_terence
D:4:      layout_basic, lemuel_crystal_altar, first_ration
D:5:      layout_basic, serial_shops, shop, nemelex_diamond_rough_becter,
          uniq_blork_the_orc

Skill      XL: |  1  2  3  4  5  6 |
---------------+-------------------+-----
Stealth        | 1 2 3 4 5 |  5.1
Spellcasting   | 1 2 |  2.1
Evocations     | 1 |  1.0
Long Blades    | 3 |  3.7
Fighting       | |  3.9
Throwing       | |  0.3
Dodging        | |  3.3
Shields        | |  3.5

Action                   |  1- 3 |  4- 6 || total
-------------------------+-------+-------++-------
Melee: Long sword        |    47 |   104 ||   151
       Constrict         |    14 |    34 ||    48
       Tentacles         |     6 |    20 ||    26
Throw: Boomerang         |       |    10 ||    10
Evoke: Wand              |    10 |     5 ||    15
  Use: Scroll            |     2 |     5 ||     7
       Potion            |     1 |     4 ||     5
 Stab: Sleeping          |    11 |    11 ||    22
  Eat: Chunk             |     1 |     4 ||     5
       Ration            |       |     1 ||     1
Armor: Skin              |    10 |     8 ||    18
Dodge: Dodged            |    18 |    32 ||    50
Block: Shield            |    18 |    40 ||    58
       Rpst.: Long sword |     5 |    13 ||    18

Table legend:
 A = Non-vault XP
 B = Vault XP
 C = Vault XP percentage of total XP
 D = Non-vault monster count
 E = Vault monster count
 F = Vault count percentage of total count
                 A         B        C        D         E       F
            +---------+---------+-------+---------+---------+-------
      Total |     527 |      64 |  10.8 |      77 |       9 |  10.5
            +---------+---------+-------+---------+---------+-------
        D:1 |      27 |       0 |   0.0 |      15 |       0 |   0.0
        D:2 |      60 |       0 |   0.0 |      20 |       0 |   0.0
        D:3 |     136 |      64 |  32.0 |      35 |       9 |  20.5
        D:4 |     304 |       0 |   0.0 |       7 |       0 |   0.0
            +---------+---------+-------+---------+---------+-------
